 Dungeon Crawl Stone Soup version 0.17.1-3-g152610e (webtiles) character file.

532 Shotgun the Skirmisher (level 7, -4/81 HPs)
             Began as a Demonspawn Fighter on Apr 20, 2016.
             Slain by an ogre
             ... wielding a +0 giant spiked club
              (8 damage)
             ... on level 4 of the Dungeon.
             The game lasted 00:11:25 (3551 turns).

Shotgun the Skirmisher (Demonspawn Fighter)         Turns: 3551, Time: 00:11:25

Health: -4/81      AC: 23    Str: 18    XL:     7   Next: 3%
Magic:  7/7        EV:  2    Int: 10    God:
Gold:   214        SH:  9    Dex: 12    Spells: 0 memorised, 6 levels left

rFire  . . .     SeeInvis .     a - +0 long sword
rCold  + . .     Clarity  .     (armour currently unavailable)
rNeg   + + +     SustAt   .     c - +0 shield
rPois  +         Gourm    .     (helmet currently unavailable)
rElec  .         Spirit   .     (cloak currently unavailable)
rCorr  .         Warding  .     (gloves currently unavailable)
rMut   .         NoTele   +     (boots currently unavailable)
MR     .....                    (no amulet)
Stlth  +.........               o - ring of wizardry
                                f - ring of protection from cold

@: tree-form, not resistant to hostile enchantments, very unstealthy
A: (talons 0), powered by death 2
a: no special abilities


You were on level 4 of the Dungeon.
You were hungry.
You were a tree.
You visited 1 branch of the dungeon, and saw 4 of its levels.

You collected 214 gold pieces.

Inventory:

Hand Weapons
 a - a +0 long sword (weapon)
Armour
 b - a +0 scale mail
 c - a +0 shield (worn)
 k - a +0 chain mail
 l - a +0 helmet (melded)
 u - a +0 leather armour
 v - the +1 leather armour "Irucroecs" {rC+ Int+6 Dex-2, unknown}
   (You found it on level 4 of the Dungeon)

   It affects your intelligence (+6).
   It affects your dexterity (-2).
   It protects you from cold.
 y - a +1 plate armour of fire resistance (melded)
Jewellery
 f - a ring of protection from cold (left branch)
 o - a ring of wizardry (right branch)
Scrolls
 e - a scroll of fear {unknown}
 g - 3 scrolls of identify
 m - a scroll of fog {unknown}
 n - a scroll of magic mapping {unknown}
 p - a scroll of noise {unknown}
 x - a scroll of enchant weapon {unknown}
Potions
 h - 3 potions of agility
 i - a potion of lignification
 j - a potion of degeneration {unknown}
 q - a potion of cancellation {unknown}
 r - a potion of cure mutation {unknown}
 t - a potion of curing {unknown}
Comestibles
 s - 2 meat rations
 w - a bread ration
 z - a beef jerky


   Skills:
 + Level 4.3 Fighting
 + Level 3.1 Long Blades
 * Level 4.0 Armour
 + Level 3.6 Dodging
 + Level 3.6 Shields


You had 6 spell levels left.
You didn't know any spells.

Dungeon Overview and Level Annotations

Branches:
Dungeon (4/15)             Temple (0/1) D:4

Altars:
Qazlal
Trog


Innate Abilities, Weirdness & Mutations

((You have razor-sharp toenails.))
You regenerate health from kills.


Message History

o - a ring of wizardry (right hand)
You feel a little less mighty now.
Found 6 stones.
There is an open door here.
There is an open door here.
Found 22 stones.
An ogre comes into view. It is wielding a giant spiked club.
There is an open door here.
There is an open door here.
There is an open door here.
You start resting.
The ogre hits you with a giant spiked club!!
* * * LOW HITPOINT WARNING * * *
Drink which item? (? for menu, Esc to quit)
It was a potion of lignification.
You turn into a tree.
Your +0 helmet melds into your body.
Your +1 plate armour of fire resistance melds into your body.
You feel less resistant to fire.
Your roots penetrate the ground.
The ogre hits you with a giant spiked club!
You die...

#.....(...... #.....
#............ #.....
#............ #.....
#............ #.....
#............ #.....
#.....<...... ##'##.
#......##########.###
#...O..'.....<.......
#...♣..#.............
########.............
#..............
#..............
#########
##..#######+##.
#.......#
##..###.###.##.
#.......#
#..............
#.......#
#..............
#.......#
#..............


You could see an ogre.

Vanquished Creatures
  An ogre (D:4)
  A scorpion (D:4)
  A giant frog skeleton (D:4)
  3 orc wizards (D:3)
  A worker ant (D:4)
  Robin (D:2)
  7 gnolls (D:2)
  9 adders
  4 worms (D:2)
  A giant gecko (D:3)
  16 orcs
  2 giant cockroaches
  5 hobgoblins
  3 jackals (D:1)
  6 kobolds
  6 bats
  3 giant newts
  18 goblins
  11 rats
99 creatures vanquished.

Notes
Turn   | Place    | Note
--------------------------------------------------------------
     0 | D:1      | Shotgun the Demonspawn Fighter began the quest for the Orb.
     0 | D:1      | Reached XP level 1. HP: 18/18 MP: 1/1
   187 | D:1      | Gained mutation: You regenerate a little health from kills. [demonic ancestry]
   187 | D:1      | Reached XP level 2. HP: 10/24 MP: 2/2
   698 | D:2      | Reached skill level 1 in Dodging
   718 | D:2      | Noticed Robin
   818 | D:2      | Reached XP level 3. HP: 19/29 MP: 3/3
  1184 | D:2      | Reached XP level 4. HP: 35/35 MP: 4/4
  1200 | D:2      | Killed Robin
  1490 | D:2      | Gained mutation: You regenerate health from kills. [demonic ancestry]
  1490 | D:2      | Reached XP level 5. HP: 41/41 MP: 5/5
  1729 | D:2      | Noticed a moth of wrath
  1734 | D:2      | Found a bloodstained altar of Trog.
  1924 | D:3      | Found a faded altar to an unknown god.
  2061 | D:3      | Reached skill level 4 in Fighting
  2691 | D:3      | Gained mutation: You have sharp toenails. [demonic ancestry]
  2691 | D:3      | Reached XP level 6. HP: 48/48 MP: 6/6
  2761 | D:3      | Found a stormy altar of Qazlal.
  3013 | D:4      | Got a bronze leather armour
  3194 | D:4      | Found a staircase to the Ecumenical Temple.
  3465 | D:4      | Gained mutation: You have razor-sharp toenails. [demonic ancestry]
  3465 | D:4      | Reached XP level 7. HP: 6/54 MP: 7/7
  3541 | D:4      | HP: 1/54 [ogre/giant spiked club (24)]
  3551 | D:4      | Slain by an ogre

Action                   |  1- 3 |  4- 6 |  7- 9 || total
-------------------------+-------+-------+-------++-------
Melee: Long sword        |   146 |   298 |       ||   444
  Use: Scroll            |     4 |     2 |       ||     6
       Potion            |       |     1 |     1 ||     2
  Eat: Bread ration      |     1 |     1 |       ||     2
